AoeStats
← SaulSarro

Arena

507892622Analyzed
2v2 RM · 11d ago on Sep 20, 2026· 41m 26s· 4 players
Game mode
Random Map
Map size
Medium (4 player)
Population
200
Speed
Normal
Resources
Standard
Victory
Conquest
Starting age
Dark Age
Ending age
Imperial Age
RankedLock teamsTeams togetherTeam positionsShared explorationLock speedFull tech treeHidden civsTurbo modeCheats
Victory
Defeat
🇦🇷 Turks · Argentina
1028
+14
🇦🇷 Spanish · Argentina
962
+17
🇦🇷 Portuguese · Argentina
1025
-17
🇲🇽 Bohemians · Mexico
954
-14
SimbaSKYwalker
0:31 Loom
11:55 Feudal Age
19:59 Castle Age
18:28 Scale Mail Armor
18:31 Horse Collar
18:48 Double-Bit Axe
19:56 Gold Mining
20:03 Stone Mining
24:21 Fletching
25:03 Heavy Plow
31:53 Imperial Age
30:03 Wheelbarrow
29:14 Town Watch
29:57 Padded Archer Armor
30:13 Bow Saw
31:19 Forging
31:15 Scale Barding Armor
31:14 Gambesons
31:30 Squires
31:16 Arson
32:07 Bodkin Arrow
32:27 Leather Archer Armor
32:59 Ballistics
32:34 Murder Holes
34:30 Two-Man Saw
34:57 Chemistry
34:00 Man-at-Arms
35:16 Conscription
34:53 Long Swordsman
34:55 Pikeman
35:45 Thumb Ring
35:01 Elite Skirmisher
36:10 Two-Handed Swordsman
38:07 Bloodlines
37:58 Husbandry
37:18 Cavalier
38:45 Leather Archer Armor
38:30 Bracer
39:06 Paladin
40:23 Iron Casting
40:03 Chain Mail Armor
40:09 Chain Barding Armor
40:24 Iron Casting
40:04 Chain Mail Armor
Exkoria74
10:13 Feudal Age
8:28 Loom
15:56 Castle Age
14:00 Horse Collar
14:24 Double-Bit Axe
19:00 Fervor
20:08 Gold Mining
21:22 Bow Saw
25:10 Redemption
28:30 Imperial Age
25:48 Town Watch
28:12 Wheelbarrow
27:34 Fletching
27:45 Padded Archer Armor
28:28 Sanctity
28:16 Bodkin Arrow
30:07 Hand Cart
30:54 Leather Archer Armor
32:43 Town Patrol
33:37 Heavy Plow
34:49 Two-Man Saw
34:35 Bracer
36:41 Conscription
36:27 Artillery
38:35 Ring Archer Armor
38:16 Forging
38:11 Scale Barding Armor
41:05 Husbandry
41:16 Bloodlines
40:27 Cavalier
SaulSarro
2:35 Loom
13:32 Feudal Age
14:10 Double-Bit Axe
14:08 Horse Collar
20:21 Castle Age
20:04 Forging
19:54 Scale Mail Armor
21:26 Bow Saw
21:19 Heavy Plow
24:32 Wheelbarrow
24:20 Town Watch
24:24 Pikeman
25:05 Squires
27:31 Arson
29:31 Wagenburg Tactics
29:50 Caravan
32:50 Devotion
37:25 Chemistry
36:46 Ballistics
37:01 Town Patrol
38:40 Murder Holes
PSX | AgusAlv
10:37 Feudal Age
8:58 Loom
12:20 Double-Bit Axe
16:14 Castle Age
15:21 Double-Bit Axe
15:42 Stone Mining
17:23 Loom
17:58 Bow Saw
17:54 Horse Collar
23:31 Wheelbarrow
24:13 Gold Mining
25:51 Town Watch
28:56 Imperial Age
27:16 Heavy Plow
29:52 Arquebus
29:16 Elite Organ Gun
30:40 Town Patrol
31:53 Chemistry
31:47 Stone Shaft Mining
32:31 Crop Rotation
34:36 Hand Cart
Connection lost

Rejoining the realm…

Still unreachable

The connection could not be restored.

Session expired

The server has moved on; the page needs a fresh start.